Cogmind - Beta 9.4 @@@ ROGUE MODE // 2020.03.26 @ 16:48:36 // Winter2019/RPGLIKE Player: erp.lsf Result: Destroyed by B-36 Bruiser with Hammer Performance ------------- Evolutions (1) 500 Regions Visited (3) 600 Robots Destroyed (35) 175 Value Destroyed (690) 690 Prototype IDs (0) 0 Alien Tech Used (0) 0 Bonus (0) 0 TOTAL SCORE: 1965 Bonus ------- None Cogmind --------- Core Integrity 0/600 Matter 278/300 Energy 160/160 System Corruption 4% Temperature Cool (237) Movement Rolling (93) Location -9/Materials Parts ------- > --- POWER (1) -------- Light Nuclear Core > --- PROPULSION (3) --- Wheel Compact Wheel Compact Wheel > --- UTILITY (4) ------ Visual Processing Unit > --- WEAPON (2) ------- EM Pulse Gun Heavy Assault Rifle > --- INVENTORY (3) ---- Wheel Assault Rifle Rocket Launcher Peak State ------------ > --- POWER ------------ Light Nuclear Core > --- PROPULSION ------- Wheel Wheel > --- UTILITY ---------- Visual Processing Unit Targeting Computer Light Armor Plating > --- WEAPON ----------- EM Pulse Gun Rocket Launcher > --- INVENTORY -------- Wheel Assault Rifle Assault Rifle [Rating: 12] Favorites ----------- Power Light Nuclear Core Engine Ion Engine Power Core Light Nuclear Core Propulsion Wheel Wheel Wheel Utility Light Armor Plating Processor Targeting Computer Protection Light Armor Plating Weapon Assault Rifle Energy Gun EM Pulse Gun Ballistic Gun Assault Rifle Launcher Rocket Launcher Build | -11 -10 -10 -9 ------- Run | Scr Mat Min Mat Slots Evolved 6 | 2 2 . 2 Power . | . . . . Propulsion 2 | 1 . . 1 Utility 3 | 1 1 . 1 Weapon 1 | . 1 . . Parts Attached 24 | 5 10 5 4 Power 3 | 1 1 1 . Engine 1 | 1 . . . Core 2 | . 1 1 . Reactor . | . . . . Propulsion 8 | 2 3 . 3 Treads . | . . . . Leg . | . . . . Wheel 8 | 2 3 . 3 Hover . | . . . . Flight . | . . . . Utility 4 | . 4 . . Device . | . . . . Storage . | . . . . Processor 2 | . 2 . . Hackware . | . . . . Protection 2 | . 2 . . Artifact . | . . . . Weapon 9 | 2 2 4 1 Energy Gun 2 | 1 1 . . Energy Cannon . | . . . . Ballistic Gun 5 | 1 1 2 1 Ballistic Cannon . | . . . . Launcher 2 | . . 2 . Special Weapon . | . . . . Impact Weapon . | . . . . Slashing Weapon . | . . . . Piercing Weapon . | . . . . Special Melee Weapon . | . . . . Unidentified Prototypes . | . . . . Parts Lost 3 | . 1 1 1 Power . | . . . . Propulsion . | . . . . Utility 3 | . 1 1 1 Weapon . | . . . . Highest Loss Streak 1 | . 1 1 1 Average Slot Usage (%) 93 | . 97 90 82 Engine 2 | . 4 . . Core 10 | . 9 12 11 Wheel 26 | . 27 25 25 Processor 14 | . 8 25 22 Protection 12 | . 18 3 . Energy Gun 8 | . 6 12 11 Ballistic Gun 16 | . 20 11 11 Naked Turns . | . . . . Heaviest Build 15 | 7 15 12 10 Greatest Support 42 | 26 26 20 42 Greatest Overweight (x) . | . . . . Average Overweight (x) . | . . . . Largest Inventory Capacity 3 | 2 3 3 3 Average Capacity 2 | 1 2 3 3 Most Carried 3 | 1 3 3 3 Average Carried 2 | . 2 2 3 Final Capacity 3 | 2 3 3 3 Final Carried 3 | 1 3 3 3 Class Distribution -------------------- 52% | Mutant 47% | Scavenger-Mutant Dominant Class ---------------- Mutant | -10/Materials Scavenger-Mutant | -10/Mines Scavenger-Mutant | -9/Materials Resources | -11 -10 -10 -9 ----------- Run | Scr Mat Min Mat Matter Collected 821 | 250 350 70 151 Remotely . | . . . . Salvage Created 1163 | . 475 113 575 Parts 79 | . 46 11 22 Haulers Intercepted . | . . . . Recyclers Shooed 3 | . . . 3 Parts Field Recycled . | . . . . Retrieved Matter . | . . . . Parts Self-Destructed . | . . . . Prevented . | . . . . Kills | -11 -10 -10 -9 ------- Run | Scr Mat Min Mat Combat Hostiles Destroyed 25 | . 12 7 6 Guns 22 | . 12 4 6 AOE 3 | . . 3 . Classes Destroyed 7 | . 5 . 2 Worker 2 | . 1 . 1 Builder 3 | . 3 . . Recycler 4 | . . . 4 Watcher 1 | . 1 . . Swarmer 12 | . 3 6 3 Grunt 11 | . 9 1 1 Sentry 2 | . . . 2 Best Kill Streak 10 | . 7 3 10 Combat Bots Only 5 | . 3 3 5 Max Kills in Single Turn 2 | . 1 2 1 Gunslinging . | . . . . Exploded 2 | . . 2 . Melee . | . . . . Uniques/NPCs Destroyed . | . . . . Combat | -11 -10 -10 -9 -------- Run | Scr Mat Min Mat Damage Taken 1613 | . 746 239 628 Core 1171 | . 477 178 516 Absorbed by Shields . | . . . . Redirected to Core 957 | . 425 150 382 Core Remaining (%) 79 | 100 . 58 . Volleys Fired 95 | . 46 18 31 Largest 2 | . 2 2 2 Hottest 73 | . 60 73 63 Shots Fired 190 | . 92 36 62 Gun 188 | . 92 34 62 Cannon . | . . . . Launcher 2 | . . 2 . Special . | . . . . Kinetic 132 | . 85 16 31 Thermal . | . . . . Explosive 2 | . . 2 . Electromagnetic 56 | . 7 18 31 Robot Hit Streak 15 | . 15 10 15 Robot Miss Streak 5 | . 5 2 1 Penetration Max . | . . . . Secondary Targets 3 | . 1 . 2 Max Gunslinging Chain 1 | . 1 . 1 Shots Hit Robots 135 | . 66 19 50 Core Hits 54 | . 27 9 18 Critical Hits 1 | . 1 . . Critical Kills 1 | . 1 . . Critical Parts Destroyed . | . . . . Melee Attacks . | . . . . Impact . | . . . . Slashing . | . . . . Piercing . | . . . . Sneak Attacks . | . . . . Combat Hostiles . | . . . . Follow-up Attacks . | . . . . Damage Inflicted 2045 | . 878 499 668 Guns 1779 | . 878 233 668 Cannons . | . . . . Explosions 266 | . . 266 . Melee . | . . . . Ramming . | . . . . Kinetic 1201 | . 786 85 330 Thermal 45 | . . 45 . Explosive 221 | . . 221 . Electromagnetic 578 | . 92 148 338 Impact . | . . . . Slashing . | . . . . Piercing . | . . . . Highest Corruption 4 | . . . 4 Average Corruption 4 | . . . 4 Corruption Purged . | . . . . Overload Shots . | . . . . Overflow Damage 23 | . . 23 . Projectiles . | . . . . Explosions 23 | . . 23 . Melee . | . . . . Knockbacks . | . . . . Impact . | . . . . Kinetic . | . . . . Secondary . | . . . . Self-Inflicted Damage . | . . . . Shots . | . . . . Rammed . | . . . . Targets Rammed . | . . . . Kicked . | . . . . Crushed . | . . . . Highest Temperature 225 | . 162 183 225 Average Temperature 60 | . 69 55 50 Received Heat Transfer 528 | . 291 63 174 Siege Activations . | . . . . Robots Corrupted . | . . . . Combat Hostiles . | . . . . Parts Fried 1 | . 1 . . Impact Corruptions . | . . . . Robots Melted . | . . . . Combat Hostiles . | . . . . Parts Melted . | . . . . Heat Transferred 50 | . . 50 . Parts Sabotaged . | . . . . Parts Stolen . | . . . . Parts Stripped . | . . . . Power Chain Reactions 1 | . . 1 . Missiles Intercepted . | . . . . Alert | -11 -10 -10 -9 ------- Run | Scr Mat Min Mat Peak Influence 315 | . 315 223 271 Average Influence 131 | . 139 105 169 Maximum Alert Level 1 | . 1 1 1 Low Security (%) 77 | 100 72 92 65 Level 1 22 | . 27 7 34 Level 2 . | . . . . Level 3 . | . . . . Level 4 . | . . . . Level 5 . | . . . . High Security . | . . . . Max Security . | . . . . Squads Dispatched 6 | . 3 . 3 Investigation 1 | . . . 1 Extermination . | . . . . Reinforcement 5 | . 3 . 2 Assault . | . . . . Garrison . | . . . . Intercept . | . . . . Construction Impeded . | . . . . Haulers Reinforced . | . . . . Stealth | -11 -10 -10 -9 --------- Run | Scr Mat Min Mat Distress Signals 2 | . . . 2 Communications Jammed . | . . . . Distress Signals . | . . . . Times Spotted 52 | . 30 8 14 Peak Tracking Total 7 | . 5 3 7 Tactical Retreats 5 | . 3 1 1 Traps | -11 -10 -10 -9 ------- Run | Scr Mat Min Mat Traps Triggered . | . . . . Indirectly . | . . . . Trap Hack Attempts . | . . . . Triggered . | . . . . Disarmed . | . . . . Reprogrammed . | . . . . Reused . | . . . . Traps Extracted . | . . . . Installed . | . . . . Triggered . | . . . . Machines | -11 -10 -10 -9 ---------- Run | Scr Mat Min Mat Machines Disabled 1 | . . 1 . Max in Single Turn 1 | . . 1 . Machines Sabotaged . | . . . . Garrisons Compromised . | . . . . Overloaded Fab Kills . | . . . . Fab Network Shutdowns . | . . . . Hacking | -11 -10 -10 -9 --------- Run | Scr Mat Min Mat Machines Accessed 2 | . 1 . 1 Terminals 2 | . 1 . 1 Fabricators . | . . . . Repair Stations . | . . . . Recycling Units . | . . . . Scanalyzers . | . . . . Garrison Access . | . . . . Total Hacks 7 | . 4 . 3 Successful 3 | . 1 . 2 Failed 4 | . 3 . 1 Catastrophic . | . . . . Database Lockouts . | . . . . Manual . | . . . . Terminals 7 | . 4 . 3 Fabricators . | . . . . Repair Stations . | . . . . Recycling Units . | . . . . Scanalyzers . | . . . . Garrison Access . | . . . . Terminal Hacks 3 | . 1 . 2 Alert Level 2 | . 1 . 1 Unreport Threat 1 | . . . 1 Fabricator Hacks . | . . . . Repair Station Hacks . | . . . . Recycling Unit Hacks . | . . . . Scanalyzer . | . . . . Garrison Access Hacks . | . . . . Unauthorized Hacks . | . . . . Terminals . | . . . . Fabricators . | . . . . Repair Stations . | . . . . Recycling Units . | . . . . Scanalyzers . | . . . . Garrison Access . | . . . . Data Cores Recovered . | . . . . Used . | . . . . Hacking Detections 2 | . 1 . 1 Full Trace Events 2 | . 1 . 1 Feedback Events . | . . . . Feedback Blocked . | . . . . Robot Schematics Acquired . | . . . . Robots Built . | . . . . Matter . | . . . . Time . | . . . . Total Robot Build Rating . | . . . . Part Schematics Acquired . | . . . . Parts Built . | . . . . Matter . | . . . . Time . | . . . . Total Part Build Rating . | . . . . Parts Repaired . | . . . . Time . | . . . . Parts Recycled . | . . . . Recycled Matter . | . . . . Retrieved Matter . | . . . . Retrieved Components . | . . . . Parts Scanalyzed . | . . . . Part Schematics Acquired . | . . . . Parts Damaged . | . . . . Bothacking | -11 -10 -10 -9 ------------ Run | Scr Mat Min Mat Used RIF Installer . | . . . . Robots Hacked . | . . . . Non-combat . | . . . . Combat . | . . . . Robot Hacks Applied . | . . . . Relay Couplers Released . | . . . . Robots Rewired . | . . . . Allies Hacked . | . . . . Hacks Repelled . | . . . . Allies | -11 -10 -10 -9 -------- Run | Scr Mat Min Mat Total Allies . | . . . . Largest Group . | . . . . Highest-Rated Group . | . . . . Highest-Rated Ally . | . . . . Total Orders . | . . . . Ally Attacks . | . . . . Total Damage . | . . . . Kills . | . . . . Allies Corrupted . | . . . . Allies Melted . | . . . . Intel | -11 -10 -10 -9 ------- Run | Scr Mat Min Mat Robot Analysis Total . | . . . . Derelict Logs Recovered 1 | . . 1 . Drone Launches . | . . . . Drone Recoveries . | . . . . Exploration | -11 -10 -10 -9 ------------- Run | Scr Mat Min Mat Turns Passed 1411 | 37 809 358 207 Spaces Moved 1106 | 35 613 342 116 Core 4 | 4 . . . Treads . | . . . . Legs . | . . . . Wheels 1102 | 31 613 342 116 Hover . | . . . . Flight . | . . . . Fastest Speed 50 | 50 80 80 80 Average Speed 82 | 84 83 80 82 Slowest Speed 93 | 90 90 80 93 Overloaded Moves . | . . . . Propulsion Burnouts . | . . . . Robots Hopped . | . . . . Cave-ins Triggered . | . . . . Exploration Rate (%) 49 | 4 95 83 15 Regions Visited 3 Branch Regions 1 Pre-discovered Areas . | . . . . Known Exits Taken 1 | . . 1 . Unknown Exits Taken 2 | 1 1 . . Scrap Searched 2 | . . 2 . Spaces Dug 16 | . . 16 . Terrain Destroyed 21 | . . 21 . Melee . | . . . . Projectile . | . . . . AOE 21 | . . 21 . Actions | -11 -10 -10 -9 --------- Run | Scr Mat Min Mat Total 1415 | 40 820 389 166 Wait 151 | . 127 19 5 Move 1103 | 34 612 341 116 Hop . | . . . . Pick Up 5 | . 4 1 . Fast Attach 10 | 5 4 . 1 Attach 2 | . 2 . . Detach 2 | 1 1 . . Swap 12 | . 4 5 3 Drop 9 | . 4 2 3 Fire 95 | . 46 18 31 Melee . | . . . . Ram . | . . . . Kick . | . . . . Crush . | . . . . Escape Stasis . | . . . . Rewire . | . . . . Trap . | . . . . Miscellaneous 26 | . 16 3 7 Route ------- -11/Scrapyard -10/Materials (discovered 4 exits: *Mat x3 / [*Min]) -10/Mines (discovered 2 exits: *Mat x2) -9/Materials (discovered 1 exit: [*Min]) History --------- Turn | Location | Event 3 | -11/Scrapyard | Upgraded with Propulsion slot (x1) 3 | -11/Scrapyard | Upgraded with Utility slot (x1) 11 | -11/Scrapyard | Discovered new exit (range 15) 38 | -11/Scrapyard | Entered Materials 62 | -10/Materials | Upgraded with Weapon slot (x1) 127 | -10/Materials | Discovered new exit (range 16) 312 | -10/Materials | Build established: Mutant 344 | -10/Materials | Core integrity fell below 50% 424 | -10/Materials | Discovered new exit (range 16) 515 | -10/Materials | Discovered new exit (range 3) 573 | -10/Materials | Discovered new exit (range 16) 687 | -10/Materials | Reached level 2 704 | -10/Materials | Upgraded with Utility slot (x1) 847 | -10/Materials | Entered Mines 916 | -10/Mines | Discovered new exit (range 7) 943 | -10/Mines | Received a Rocket Launcher from a helpful Derelict 1055 | -10/Mines | Build established: Scavenger-Mutant 1102 | -10/Mines | Identified exit to Materials 1205 | -10/Mines | Entered Materials 1207 | -9/Materials | Reached level 3 1226 | -9/Materials | Discovered new exit (range 17) 1273 | -9/Materials | Reached level 4 1286 | -9/Materials | Core integrity fell below 50% 1321 | -9/Materials | Upgraded with Propulsion slot (x1) 1321 | -9/Materials | Upgraded with Utility slot (x1) 1408 | -9/Materials | Core integrity fell below 20% 1412 | -9/Materials | Destroyed by B-36 Bruiser with Hammer Last Messages --------------- 01363_ Dropped Wheel. 01365_ Acquired 20 matter. 01368_ Connecting with Terminal... >>Alert(Check) Current Alert Level: 1-K >>Alert(Purge) Purged threat record, alert level lowered. 01368_ ALERT: Suspicious activity at Terminal M003. Dispatching Investigation squad. 01371_ Dropped Assault Rifle. 01373_ Acquired 10 matter. 01385_ W-16 Scout sends out distress signal. 01388_ ALERT: Hostiles spotted, dispatching reinforcements to Terminal M004. 01390_ ALERT: Hostiles spotted, dispatching reinforcements to Terminal M007. 01391_ G-34 Mercenary destroyed. 01394_ K-01 Serf collects debris. 01405_ Targeting Computer destroyed. 01405_ System corrupted by crushing effect (+4). Map ----- +----------------------------------------------------+ | ????????????????????????????????# #???????? | | ????????????????????????????????# #???????? | | ????????????????????????????????# #???????? | | ????????????????????????????????# ######## | | ????????????????????????????????# + | | ????????????????????????????????# ######### | | ?????????????????###########????# #????#??? | | ?????????????????# #????# #??? #### | | ?????????????????# " #############+###? | | ?????????????????# T #! ##### # | | ?????????????????# """ [!"%#=! % # | | ?????????????????# """ [%%+[== + """ " | | ?????????????????# """ [=[#%* # """ " | | ?????????????????# %*=# ##### # """ " | | ?????????????????# =!**!### ###???## ##? | | ?????????????????########/##?# #??????# #?? | | ????????????????????????#k#??# #??????# #???#### | | ????????????#???????????#%#??# #??????# #??????? | | ????????????# ?????????#=#??# #??????# #??????? | | ????????????# ???????#=#??# #???#" #?????? | | ????????????+ ??????# #??#+#???#"" #?????? | | ?????????????? ????# #????????#!! #?????? | | ???????????????? #### #????????#"" < #?????? | | ??????????????????? +% #????????#|| #?????? | | ?????????????????????#g #????????#"" #?????? | | ?????????????????????# @#????????#" #?????? | | ?????????????? w b #????????#### ##?????? | | ????????? g g +???????????# #??????? | | ????????? #???????????# #??????? | | ?????????######### ######???????????# #??????? | | ?????????????????# ?????????????????# #??????? | | ?????????????????# ?????????????????? ??????? | | ?????????????????# ?????????????????? ??????? | | ?????????????????# ??????????????????? ??????? | | ????????????????? ???????????????????? ??????? | | ????????????????##????????????????????? ???????? | | ?????????????????????????????????????????????????? | | ?????????????????????????????????????????????????? | | ?????????????????????????????????????????????????? | | ?????????????????????????????????????????????????? | | ?????????????????????????????????????????????????? | | ?????????????????????????????????????????????????? | | ?????????????????????????????????????????????????? | | ?????????????????????????????????????????????????? | | ?????????????????????????????????????????????????? | | ?????????????????????????????????????????????????? | | ?????????????????????????????????????????????????? | | ?????????????????????????????????????????????????? | | ?????????????????????????????????????????????????? | | ?????????????????????????????????????????????????? | +----------------------------------------------------+ Best States ------------- Heat Dissipation 25 Energy Generation 14 Energy Capacity 250 Matter Stores 300 Matter Capacity 300 Sight Range 18 Terrain Scan Density 10 Armor Coverage 300 Evasion (%) 44 Targeting Accuracy 5 Item Schematics ----------------- None Robot Schematics ------------------ None Fabricated ------------ Nothing Alien Tech Used ----------------- None Achievements -------------- None Challenges ------------ None RPGLIKE | -11 -10 -10 -9 --------- Run | Scr Mat Min Mat Levels Raised 3 | . 1 . 2 XP Earned 8260 | 3000 1535 1425 2300 XP Spent 6600 | 1750 2450 . 2400 Upgrades 11 | 4 4 . 3 Propulsion Slot 2 | 1 . . 1 Utility Slot 3 | 1 1 . 1 Weapon Slot 1 | . 1 . . Inventory Capacity 3 | 2 1 . . Ranged Accuracy 2 | . 1 . 1 Protomatter Created 198 | . 119 25 54 Integrity Restored 570 | . 357 51 162 Core 570 | . 357 51 162 Protomatter Decayed . | . . . . Game ------ Seed ZioniteDynamicWeb Manual? 0 Play Time 00:26:08 Cumulative 20.4 hours Start 2020.03.26 @ 16:23:03 End 2020.03.26 @ 16:48:36 Sessions 1 Manual Loads 0 Difficulty Rogue Special Mode Winter2019/RPGLIKE Game No. 27 Rogue 27 Adventurer 0 Explorer 0 Win Type - Total 0 Types 0/0/0/0/0/0/0 Lore% 16 Gallery% 26 Achievement% 22 Wizard Run 0 Options --------- ASCII 0 Keyboard 1 Movement Numpad Keybinds 0 Fullscreen 2 Font 24/Smallcaps Map View 76x50 Tactical HUD 1 Map Filters NONE Filters NONE Steam 1 RUN: 7602270f-c667-4a36-bb74-24313f342aad